 Dungeon Crawl Stone Soup version 0.23-a0-307-gc3b755d (webtiles) character file.

59 namelastname112 the Conjurer (level 3, 0/28 HPs)
             Began as a Draconian Conjurer on Oct 10, 2018.
             Succumbed to an adder's poison
             ... on level 2 of the Dungeon.
             The game lasted 00:03:02 (1180 turns).

namelastname112 the Conjurer (Draconian Conjurer)   Turns: 1180, Time: 00:03:02

Health: 0/28       AC:  5    Str: 15    XL:     3   Next: 78%
Magic:  2/7        EV: 12    Int: 16    God:
Gold:   86         SH:  0    Dex: 11    Spells: 4/7 levels left

rFire    . . .     SeeInvis .   e - +3 mace
rCold    . . .     Gourm    .   (no shield)
rNeg     . . .     Faith    .   (armour unavailable)
rPois    .         Spirit   .   (helmet restricted)
rElec    .         Reflect  .   c - scarf {repulsion}
rCorr    .         Harm     .   (no gloves)
MR       .....                  (no boots)
Stlth    +++.......             (no amulet)
HPRegen  0.09/turn              g - ring of stealth
MPRegen  0.10/turn              (no ring)

@: mighty, lethally poisoned (0 -> -3), repel missiles
A: unfitting armour, cold-blooded, AC +5
a: no special abilities


You were on level 2 of the Dungeon.
You were hungry.

You visited 1 branch of the dungeon, and saw 2 of its levels.

You collected 86 gold pieces.

Inventory:

Hand Weapons
 e - a +3 mace (weapon)
Armour
 c - a scarf of repulsion (worn)
Jewellery
 g - a ring of stealth (left hand)
Scrolls
 a - a scroll of identify {unknown}
 d - a scroll of noise {unknown}
 h - a scroll of fog {unknown}
 i - a scroll of fear {unknown}
Comestibles
 b - 8 rations
 j - 2 chunks of flesh


   Skills:
 + Level 1.2 Fighting
 + Level 2.2 Dodging
 - Level 1.7 Stealth
 * Level 2.7 Spellcasting
 * Level 4.5 Conjurations


You had 4 spell levels left.
You knew the following spells:

 Your Spells              Type           Power        Failure   Level  Hunger
x - Searing Ray           Conj           ###...       4%          2    ##.....
z - Magic Dart            Conj           ###.         3%          1    #......

Your spell library contained the following spells:

 Spells                   Type           Power        Failure   Level  Hunger
 Dazzling Spray           Conj/Hex       #.....       22%         3    ###....
 Iskenderun's Mystic Bla  Conj           ###.....     30%         4    #####..
 Force Lance              Conj/Tloc      #.......     58%         4    #####..
 Fulminant Prism          Conj/Hex       #.........   58%         4    #####..


Dungeon Overview and Level Annotations

Branches:
Dungeon (2/15)

Altars:


Innate Abilities, Weirdness & Mutations

Your plain brown scales are hard. (AC +5)
You cannot fit into any form of body armour.
You are cold-blooded and may be slowed by cold attacks.


Message History

Your movement speed is average.
Your attack speed is quite slow.
Your base attributes are Str 10, Int 16, Dex 11.
You see here an adder corpse.
* * * LOW HITPOINT WARNING * * *
You feel sick.
You take 1 damage, and have 4/28 hp.
* * * LOW HITPOINT WARNING * * *
You feel sick.
* * * LOW HITPOINT WARNING * * *
You feel sick.
You take 1 damage, and have 3/28 hp.
You are feeling hungry.
* * * LOW HITPOINT WARNING * * *
You feel sick.
You take 1 damage, and have 2/28 hp.
* * * LOW HITPOINT WARNING * * *
You feel sick.
There is a stone staircase leading up here.
You take 1 damage, and have 1/28 hp.
You die...

#.##.##.#.......#
#.##.##.#.......#
#.#..##.####.####
#.#.###.# #.#
#.#.###.# #.###
#...)...# #...#
###.##########.#
####.#####)#### ...
#.### ........@.....#
#.# #....
####.####.##### ♣.♣
#.###
#.####.#####♣♣.♣♣#.#
..........#.........#
###.###.#...#♣♣.♣♣###
#.#.### ♣.♣ ..#.#
#.#### ##.##.# #....#
#...#.######...####


There were no monsters in sight!

Vanquished Creatures
  2 adders (D:2)
  2 worms (D:2)
  2 dart slugs
  5 hobgoblins
  7 kobolds
  4 bats
  4 frilled lizards (D:1)
  3 goblins (D:1)
  6 rats (D:1)
35 creatures vanquished.

Notes
Turn   | Place    | Note
-------+----------+-------------------------------------------
     0 | D:1      | namelastname112 the Draconian Conjurer began the quest for
                  | the Orb.
     0 | D:1      | Reached XP level 1. HP: 14/14 MP: 3/3
   343 | D:1      | Reached XP level 2. HP: 22/22 MP: 3/5
   354 | D:1      | Learned a level 2 spell: Searing Ray
   653 | D:1      | Malog: шарф же бля
  1003 | D:2      | Reached XP level 3. HP: 27/27 MP: 0/6
  1015 | D:2      | Reached skill level 1 in Fighting
  1176 | D:2      | HP: 1/28 [poisoned by an adder]
  1180 | D:2      | Succumbed to an adder's poison

Vault maps used:
D:1:      minmay_arrival_diagonal_passages
D:2:      minmay_tree_intersection, kennysheep_flooded_box

Skill      XL: |  1  2  3 |
---------------+----------+-----
Dodging        | 2 |  2.2
Fighting       | 1 |  1.2
Stealth        | |  1.7
Spellcasting   | |  2.7
Conjurations   | |  4.5

Action                   || total
-------------------------++-------
Melee: Dagger            ||    12
       Unarmed           ||     1
       Mace              ||    18
       Tailslap          ||     1
 Cast: Magic Dart        ||    54
  Use: Potion            ||     1
 Stab: Sleeping          ||     1
  Eat: Chunk             ||     1
Armor: Skin              ||    10
Dodge: Dodged            ||    25
       Deflected         ||     1

Table legend:
 A = Non-vault XP
 B = Vault XP
 C = Vault XP percentage of total XP
 D = Non-vault monster count
 E = Vault monster count
 F = Vault count percentage of total count
                 A         B        C        D         E       F
            +---------+---------+-------+---------+---------+-------
      Total |      85 |       0 |   0.0 |      35 |       0 |   0.0
            +---------+---------+-------+---------+---------+-------
        D:1 |      34 |       0 |   0.0 |      23 |       0 |   0.0
        D:2 |      51 |       0 |   0.0 |      12 |       0 |   0.0
            +---------+---------+-------+---------+---------+-------
